 Dungeon Crawl Stone Soup version 0.19-a0-1740-g0bcaf2e (webtiles) character file.

275 holy777 the Chopper (level 6, 0/70 HPs)
             Began as a Human Berserker on Oct 1, 2016.
             Was a Priest of Trog.
             Succumbed to a worker ant's poison
             ... on level 3 of the Dungeon.
             The game lasted 00:07:16 (2416 turns).

holy777 the Chopper (Human Berserker)               Turns: 2416, Time: 00:07:17

Health: 0/70       AC: 13    Str: 24    XL:     6   Next: 49%
Magic:  6/6        EV: 11    Int:  7    God:    Trog [***...]
Gold:   128        SH:  0    Dex: 13    Spells: 0 memorised, 5 levels left

rFire  . . .     SeeInvis .     s - +1 falchion (protect)
rCold  . . .     Gourm    .     e - +0 ring mail
rNeg   . . .     Faith    .     (no shield)
rPois  .         Spirit   .     n - +1 hat
rElec  .         Dismiss  .     (no cloak)
rCorr  .         Reflect  .     (no gloves)
MR     .....     Harm     .     (no boots)
Stlth  ..........               (no amulet)
                                (no ring)
                                (no ring)

@: berserking, lethally poisoned (0 -> -7), protection aura, very quick
A: no striking features
a: Berserk, Trog's Hand, Burn Spellbooks, Renounce Religion


You were on level 3 of the Dungeon.
You worshipped Trog.
Trog was most pleased with you.
You were not hungry.

You visited 1 branch of the dungeon, and saw 3 of its levels.

You collected 128 gold pieces.

Inventory:

Hand Weapons
 s - a +1 falchion of protection (weapon)
Missiles
 d - 132 stones (quivered)
Armour
 e - a +0 ring mail (worn)
 n - a +1 hat (worn)
 q - a +0 robe of positive energy
Scrolls
 f - 3 scrolls of remove curse {unknown}
 k - 4 scrolls of identify {unknown}
 o - 2 scrolls of enchant armour {unknown}
 r - a scroll of enchant weapon {unknown}
Potions
 h - a potion of might {unknown}
 i - 2 potions of haste {unknown}
 l - a potion of degeneration {unknown}
 m - a potion of agility {unknown}
 p - a potion of cure mutation {unknown}
Comestibles
 b - 2 fruits
 c - 3 bread rations
 g - a beef jerky


   Skills:
 + Level 3.6 Fighting
 + Level 0.4 Long Blades
   Level 4.3 Axes
 + Level 2.1 Throwing
 * Level 4.3 Armour
 - Level 2.0 Dodging


You had 5 spell levels left.
You didn't know any spells.

Dungeon Overview and Level Annotations

Branches:
Dungeon (3/15)

Altars:
Fedhas


Message History

The leopard gecko bites you but does no damage.
A red film seems to cover your vision as you go berserk!
You feel yourself moving faster!
You feel mighty!
You feel somewhat more hungry. The worker ant bites you.
* * * LOW HITPOINT WARNING * * *
You are more poisoned.
The worker ant poisons you! The leopard gecko closely misses you.
You riposte.
You closely miss the leopard gecko. You slash the worker ant!
Your weapon exudes an aura of protection.
You kill the worker ant!
Trog accepts your kill.
* * * LOW HITPOINT WARNING * * *
You feel sick. The leopard gecko barely misses you.
You riposte.
You closely miss the leopard gecko. You hit the leopard gecko.
You feel the power of Trog in you as your rage grows.
You kill the leopard gecko!
Trog accepts your kill.
You die...

############ #....#
#....# #..# #....#
#..# #....# ### #.?#
#....# #.# #..#
#.(..# #.# #..#
#.############## #
#.@............# #
##†.............# #
#..############.####
##.## #..# #..<##
#..# #..# #.#.##
#)## #..# #.#... .((
#..# #.#### #.#.#
#..# #.#### .. ..
#..# #..<..


There were no monsters in sight!

Vanquished Creatures
  The ghost of wazuzu the Twirler, an amateur DsGl (D:3)
  A bullfrog (D:3)
  A worker ant (D:3)
  3 adders (D:3)
  A worm (D:2)
  2 dart slugs
  5 leopard geckos
  2 orcs (D:3)
  5 giant cockroaches
  5 goblins
  9 hobgoblins
  8 jackals
  7 kobolds
  A ball python (D:3)
  6 bats
  4 frilled lizards
  5 rats
66 creatures vanquished.

Notes
Turn   | Place    | Note
-------+----------+-------------------------------------------
     0 | D:1      | holy777 the Human Berserker began the quest for the Orb.
     0 | D:1      | Reached XP level 1. HP: 18/18 MP: 1/1
   163 | D:1      | Reached XP level 2. HP: 24/24 MP: 2/2
   425 | D:1      | Reached ** piety under Trog
   425 | D:1      | Reached XP level 3. HP: 22/29 MP: 3/3
   714 | D:2      | Found a blossoming altar of Fedhas.
  1185 | D:2      | Reached XP level 4. HP: 32/35 MP: 4/4
  1771 | D:3      | Reached skill level 1 in Throwing
  2051 | D:3      | Noticed wazuzu's ghost (amateur DsGl)
  2062 | D:3      | Reached XP level 5. HP: 41/41 MP: 5/5
  2067 | D:3      | Killed wazuzu's ghost
  2067 | D:3      | Reached *** piety under Trog
  2378 | D:3      | Noticed a bullfrog
  2395 | D:3      | Killed a bullfrog
  2395 | D:3      | Reached XP level 6. HP: 31/47 MP: 6/6
  2414 | D:3      | HP: 1/70 [worker ant (3)]
  2416 | D:3      | Succumbed to a worker ant's poison

Vault maps used:
D:1:      dpeg_arrival_simpleton_c
D:2:      fedhas_altar_2, first_bread, minmay_misc_feat_five
D:3:      serial_co_window_serial, co_window_paths_a, co_window_paths_b,
          co_window_paths_a, co_window_corner_a, co_window_paths_a,
          co_window_cross_1, co_window_corner_a, co_window_cross_1,
          co_window_corner_a, co_window_cross_2, co_window_broadway_b,
          co_window_unsneaky_path_e, co_window_paths_d, co_window_paths_e,
          glass_columns_c, glass_columns_b, glass_columns_c, glass_columns_c

Skill      XL: |  1  2  3  4  5 |
---------------+----------------+-----
Axes           | 4 |  4.3
Throwing       | 1 2 |  2.1
Armour         | 3 4 |  4.3
Fighting       | |  3.6
Long Blades    | |  0.4
Dodging        | |  2.0

Action                   |  1- 3 |  4- 6 || total
-------------------------+-------+-------++-------
Melee: Hand axe          |   105 |   104 ||   209
       Falchion          |       |    35 ||    35
Throw: Stone             |    60 |    54 ||   114
Invok: Berserk           |       |     2 ||     2
  Use: Scroll            |     5 |       ||     5
  Eat: Chunk             |     1 |     3 ||     4
       Fruit             |       |     1 ||     1
       Pizza             |       |     1 ||     1
Armor: Animal skin       |     3 |       ||     3
       Ring mail         |    28 |    61 ||    89
Dodge: Dodged            |    59 |    70 ||   129
